 Dungeon Crawl Stone Soup version 0.30.1-4-g462c640d31 (webtiles) character file.

Game seed: 5903423902722697830

399 Almogavar the Chopper (level 6, 0/44 HPs)
             Began as a Gnoll Wanderer on Sept 14, 2023.
             Was an Initiate of the Shining One.
             Slain by a wyvern (15 damage)
             ... on level 5 of the Dungeon.
             The game lasted 00:09:58 (3105 turns).

Almogavar the Chopper (Gnoll Wanderer)              Turns: 3105, Time: 00:09:59

Health: 0/44       AC:  3    Str: 12    XL:     6   Next: 84%
Magic:  9/9        EV: 14    Int:  8    God:    the Shining One [......]
Gold:   252        SH:  0    Dex: 16    Spells: 9/9 levels left

rFire   . . .        a - +2 hand axe
rCold   . . .        (no shield)
rNeg    . . .        e - +0 leather armour
rPois   .            (no helmet)
rElec   .            w - scarf {repulsion}
rCorr   .            (no gloves)
SInv    .            (no boots)
Will    .....        (no amulet)
Stlth   +            h - ring of flight
HPRegen 0.27/turn    (no ring)
MPRegen 0.11/turn

%: repel missiles
@: flying, glowing
A: fangs 1, strong nose, distributed training
a: Renounce Religion


You were on level 5 of the Dungeon.
You worshipped the Shining One.
The Shining One was noncommittal.
You visited 2 branches of the dungeon, and saw 6 of its levels.

You collected 252 gold pieces.

Inventory:

Hand Weapons
 a - a +2 hand axe (weapon)
 b - a +0 falchion
 g - a +0 sling
Missiles
 t - 5 atropa-tipped darts
 x - 6 poisoned darts
Armour
 c - a +0 cloak
 e - a +0 leather armour (worn)
 m - a +0 scale mail
 w - a scarf of repulsion (worn)
 z - a +0 ring mail
Magical Staves
 y - a staff of conjuration
Jewellery
 h - a ring of flight (left hand)
Scrolls
 d - a scroll of fog
 k - 4 scrolls of teleportation
 n - a scroll of fear {unknown}
 o - a scroll of enchant weapon {unknown}
 p - a scroll of vulnerability {unknown}
 q - a scroll of immolation {unknown}
 u - a scroll of butterflies {unknown}
 A - 2 scrolls of blinking {unknown}
 B - a scroll of poison {unknown}
Potions
 f - a potion of invisibility
 i - a potion of cancellation
 j - a potion of curing
 l - 2 potions of flight
 r - a potion of mutation {unknown}
 s - a potion of brilliance {unknown}
 v - a potion of might {unknown}
 C - a potion of heal wounds {unknown}


   Skills:
 + Level 2.2 Fighting
 + Level 2.2 Short Blades
 + Level 5.1 Long Blades
 + Level 6.9 Axes
 + Level 2.2 Maces & Flails
 + Level 2.2 Polearms
 + Level 2.2 Staves
 + Level 2.2 Ranged Weapons
 + Level 2.2 Throwing
 + Level 3.4 Armour
 + Level 5.1 Dodging
 + Level 2.2 Stealth
 + Level 2.2 Shields
 + Level 2.2 Unarmed Combat
 + Level 2.2 Spellcasting
 + Level 1.8 Conjurations
 + Level 1.8 Hexes
 + Level 1.8 Summonings
 + Level 1.8 Necromancy
 + Level 1.8 Translocations
 + Level 1.8 Transmutations
 + Level 1.8 Fire Magic
 + Level 1.8 Ice Magic
 + Level 1.8 Air Magic
 + Level 1.8 Earth Magic
 + Level 1.8 Poison Magic
 + Level 3.6 Invocations
 + Level 3.4 Evocations


You had 9 spell levels left.
You didn't know any spells.
Your spell library contained the following spells:

 Spells                   Type           Power      Damage    Failure   Level
 Apportation              Tloc           6%         N/A       22%         1
 Necrotise                Necr           12%        1d4       22%         1
 Summon Small Mammal      Summ           12%        N/A       22%         1
 Poisonous Vapours        Pois/Air       6%         N/A       32%         2
 Mephitic Cloud           Conj/Pois/Air  3%         N/A       54%         3
 Freezing Cloud           Conj/Ice/Air   1%         6-21      99%         5


Dungeon Overview and Level Annotations

Branches:
Dungeon (5/15)             Temple (1/1) D:4

Altars:
Elyvilon
Gozag
Ru
Sif Muna
Uskayaw
Wu Jian
Xom
Yredelemnul
The Shining One


Innate Abilities, Weirdness & Mutations

You have very sharp teeth.
Your uncanny sense of smell can sniff out nearby items.
Your experience applies equally to all skills.


Message History

The sleepcap is severely damaged.
The sleepcap closely misses you.
You hit the sleepcap but do no damage.
You punch the sleepcap, but do no damage.
The sleepcap is severely damaged.
The sleepcap releases spores at you.
You are engulfed in a cloud of soporific spores!
You fall asleep.
The sleepcap releases spores at you.
You wake up.
You hit the sleepcap.
The sleepcap is almost destroyed.
The sleepcap closely misses you.
You hit the sleepcap.
The sleepcap is almost destroyed.
The sleepcap barely misses you.
You slash the sleepcap!
You destroy the sleepcap!
No target in view!
You start resting.
A wyvern comes into view.
The wyvern moves out of view.
g - a +0 sling (weapon)
A wyvern is nearby!
You shoot a sling bullet. The wyvern hisses angrily.
The sling bullet hits the wyvern!
The wyvern is moderately wounded.
You shoot a sling bullet.
The sling bullet closely misses the wyvern.
a - a +2 hand axe (weapon)
You barely miss the wyvern. Your bite misses the wyvern.
The wyvern is moderately wounded.
The wyvern bites you!
You hit the wyvern.
The wyvern is moderately wounded.
The wyvern bites you!
You hit the wyvern.
The wyvern is heavily wounded.
The wyvern bites you!
You die...

#.# #l#####.#######
#..........f... #.#
#.# #.# #.# #.# #@#
#l# #.# #.# #.#
...)######.#######
#.#.................
....######.#########
#.#.# #...#


You could see a wyvern.

Vanquished Creatures
  A phantom (D:4)
  A scorpion (D:4)
  A hound (D:4)
  A jelly (D:5)
  A sleepcap (D:5)
  An iguana (D:5)
  8 adders
  A white imp (D:4)
  A worm (D:2)
  3 dart slugs
  An orc (D:3)
  5 endoplasms
  A giant cockroach (D:1)
  5 hobgoblins
  3 jackals (D:3)
  3 quokkas
  5 ball pythons
  4 bats
  3 frilled lizards
  6 goblins
  5 kobolds
  3 rats (D:3)
63 creatures vanquished.

Notes
Turn   | Place    | Note
-------+----------+-------------------------------------------
     0 | D:1      | Almogavar the Gnoll Wanderer began the quest for the Orb.
     0 | D:1      | Almogavar set off with the following items: a +2 hand axe,
                  | a +0 falchion, a +0 cloak, a scroll of fog, a +0 leather
                  | armour.
     0 | D:1      | Reached XP level 1. HP: 13/13 MP: 2/2
   111 | D:1      | Reached XP level 2. HP: 19/19 MP: 3/3
   393 | D:2      | Reached XP level 3. HP: 25/25 MP: 4/4
   941 | D:2      | Reached skill level 1 in Fighting
   941 | D:2      | Reached skill level 1 in Short Blades
   941 | D:2      | Reached skill level 1 in Maces & Flails
   941 | D:2      | Reached skill level 1 in Polearms
   941 | D:2      | Reached skill level 1 in Staves
   941 | D:2      | Reached skill level 1 in Ranged Weapons
   941 | D:2      | Reached skill level 1 in Throwing
   941 | D:2      | Reached skill level 1 in Stealth
   941 | D:2      | Reached skill level 1 in Shields
   941 | D:2      | Reached skill level 1 in Unarmed Combat
   941 | D:2      | Reached skill level 1 in Spellcasting
  1218 | D:2      | Reached XP level 4. HP: 32/32 MP: 6/6
  1415 | D:3      | Identified the +0 robe of the Salamander {Dex+5}
  1543 | D:3      | Reached skill level 1 in Conjurations
  1543 | D:3      | Reached skill level 1 in Hexes
  1543 | D:3      | Reached skill level 1 in Summonings
  1543 | D:3      | Reached skill level 1 in Necromancy
  1543 | D:3      | Reached skill level 1 in Translocations
  1543 | D:3      | Reached skill level 1 in Transmutations
  1543 | D:3      | Reached skill level 1 in Fire Magic
  1543 | D:3      | Reached skill level 1 in Ice Magic
  1543 | D:3      | Reached skill level 1 in Air Magic
  1543 | D:3      | Reached skill level 1 in Earth Magic
  1543 | D:3      | Reached skill level 1 in Poison Magic
  1852 | D:4      | Noticed a scorpion
  1872 | D:4      | Killed a scorpion
  1873 | D:4      | Reached XP level 5. HP: 12/37 MP: 7/7
  2322 | D:4      | Found an opulent altar of Gozag.
  2508 | D:4      | Found a staircase to the Ecumenical Temple.
  2514 | Temple   | Entered the Ecumenical Temple
  2561 | Temple   | Became a worshipper of the Shining One
  2827 | D:4      | Noticed a phantom
  2839 | D:4      | Reached XP level 6. HP: 37/44 MP: 8/8
  2848 | D:4      | Reached skill level 5 in Long Blades
  2848 | D:4      | Reached skill level 5 in Dodging
  2981 | D:5      | Entered Level 5 of the Dungeon
  3097 | D:5      | Noticed a wyvern
  3105 | D:5      | Slain by a wyvern

Illustrated notes

Levels and vault maps discovered:
D:1:      tarquinn_simple_flora_water_e, layout_rooms, st_stairs_7,
          serial_bayou_pond_e, nicolae_titane
D:2:      layout_loops_corners
D:3:      layout_rooms
D:4:      layout_gridville, amcnicky_altar_gilded,
          minmay_temple_entry_enclosed_plants, chequers_serial_rivers_micro_a
D:5:      layout_basic, nicolae_stop_n_shop_1
Temple:   nicolae_temple_ecumenical_triangle

Skill      XL: |  1  2  3  4  5  6 |
---------------+-------------------+-----
Fighting       | 1 2 |  2.2
Short Blades   | 1 2 |  2.2
Maces & Flails | 1 2 |  2.2
Polearms       | 1 2 |  2.2
Staves         | 1 2 |  2.2
Ranged Weapons | 1 2 |  2.2
Throwing       | 1 2 |  2.2
Stealth        | 1 2 |  2.2
Shields        | 1 2 |  2.2
Unarmed Combat | 1 2 |  2.2
Spellcasting   | 1 2 |  2.2
Conjurations   | 1 |  1.8
Hexes          | 1 |  1.8
Summonings     | 1 |  1.8
Necromancy     | 1 |  1.8
Translocations | 1 |  1.8
Transmutations | 1 |  1.8
Fire Magic     | 1 |  1.8
Ice Magic      | 1 |  1.8
Air Magic      | 1 |  1.8
Earth Magic    | 1 |  1.8
Poison Magic   | 1 |  1.8
Invocations    | 3 |  3.6
Armour         | 3 |  3.4
Evocations     | 3 |  3.4
Long Blades    | 5 |  5.1
Dodging        | 5 |  5.1
Axes           | |  6.9

Action                     |  1- 3 |  4- 6 || total
---------------------------+-------+-------++-------
  Melee: Hand axe          |    25 |    83 ||   108
         Punch             |     1 |     2 ||     3
         Bite              |       |    11 ||    11
   Fire: Sling             |    65 |    89 ||   154
    Use: Scroll            |     3 |     3 ||     6
         Potion            |       |     2 ||     2
   Stab: Sleeping          |     1 |       ||     1
 Armour: Leather armour    |    19 |    12 ||    31
  Dodge: Dodged            |    32 |    65 ||    97
         Repelled          |       |     2 ||     2
